 Dungeon Crawl Stone Soup version 0.27.1-33-g824d729ab1 (webtiles) character file.

Game seed: 17913886539629499438

67 lordive the Shooter (level 3, -11/30 HPs)
             Began as a Minotaur Hunter on Dec 27, 2021.
             Mangled by an ogre (22 damage)
             ... on level 2 of the Dungeon.
             The game lasted 00:02:03 (1116 turns).

lordive the Shooter (Minotaur Hunter)               Turns: 1116, Time: 00:02:04

Health: -11/30     AC:  3    Str: 17    XL:     3   Next: 98%
Magic:  2/2        EV: 11    Int:  8    God:
Gold:   72         SH:  0    Dex: 10    Spells: 2/2 levels left

rFire    . . .     SeeInvis .   h - +1 short sword (drain)
rCold    . . .     Faith    .   (no shield)
rNeg     . . .     Spirit   .   c - +0 leather armour
rPois    .         Reflect  .   (helmet restricted)
rElec    .         Harm     .   (no cloak)
rCorr    .         Rampage  .   (no gloves)
Will     .....                  (no boots)
Stlth    +.........             (no amulet)
HPRegen  0.10/turn              (no ring)
MPRegen  0.08/turn              (no ring)

@: no status effects
A: horns 2, retaliatory headbutt
a: no special abilities


You were on level 2 of the Dungeon.
You visited 1 branch of the dungeon, and saw 2 of its levels.

You collected 72 gold pieces.

Inventory:

Hand Weapons
 a - a +1 shortbow
 b - a +0 short sword
 h - a +1 short sword of draining (weapon)
Missiles
 d - 2 arrows
Armour
 c - a +0 leather armour (worn)
Scrolls
 e - a scroll of identify {unknown}
 g - a scroll of blinking {unknown}
 j - a scroll of fear {unknown}
 k - a scroll of summoning {unknown}
Potions
 f - a potion of heal wounds {unknown}
 i - 2 potions of flight {unknown}


   Skills:
 + Level 2.9 Fighting
 + Level 5.8 Bows
 + Level 0.5 Armour
 + Level 2.2 Dodging
 + Level 0.7 Stealth


You had 2 spell levels left.
You didn't know any spells.
Your spell library was empty.

Dungeon Overview and Level Annotations

Branches:
Dungeon (2/15)

Altars:

Shops:
D:1 (


Innate Abilities, Weirdness & Mutations

You have a pair of horns on your head.
You reflexively headbutt those who attack you in melee.


Message History

The ogre moves out of view.
A kobold is nearby!
A kobold is nearby!
A kobold is nearby!
A kobold is nearby!
You shoot an arrow. The arrow hits the kobold!
You kill the kobold!
A bat comes into view.
You shoot an arrow. The arrow closely misses the bat.
The bat hits you but does no damage.
You shoot an arrow. The arrow hits the ogre.
The ogre is lightly wounded.
The bat closely misses you.
A quokka comes into view.
You shoot an arrow. The arrow misses the bat.
The bat closely misses you.
You shoot an arrow. The arrow hits the ogre.
The ogre is moderately wounded.
The bat closely misses you.
The ogre hits you with a +0 giant spiked club.
The bat hits you but does no damage. The bat hits you but does no damage.
The bat barely misses you. The bat hits you but does no damage.
The bat hits you but does no damage. x2
The bat hits you but does no damage. The bat barely misses you.
You furiously retaliate!
You headbutt the bat!
You kill the bat!
You sense an unholy aura.
h - a +1 short sword of draining (weapon)
You hit the ogre.
The ogre is moderately wounded.
The ogre hits you with a +0 giant spiked club!
Ouch! That really hurt!
You hit the ogre. You drain the ogre.
The ogre is severely wounded.
The ogre misses you.
You barely miss the ogre.
The ogre is severely wounded.
The ogre hits you with a +0 giant spiked club!!
Ouch! That really hurt!
You die...

.#.........##.###.#.####.#.#
...........+...##.######.#.#
##.........##..##........#.#
##.........##..###########.##
##.........##..#............#
##..############.############
##..# #.# ##..# #.# #..# #@#
#..# #O# #..# #######r## #..#
.........# #..# .........#
.........# .........#
(........# #######.##


You could see an ogre (drained) and a quokka.

Vanquished Creatures
  A gnoll (D:1)
  An adder (D:2)
  A worm (D:2)
  6 endoplasms
  6 goblins
  6 hobgoblins
  6 kobolds
  A quokka (D:1)
  3 ball pythons
  6 bats
  A frilled lizard (D:1)
  5 rats
43 creatures vanquished.

Notes
Turn   | Place    | Note
-------+----------+-------------------------------------------
     0 | D:1      | lordive the Minotaur Hunter began the quest for the Orb.
     0 | D:1      | Reached XP level 1. HP: 18/18 MP: 0/0
    17 | D:1      | Reached XP level 2. HP: 25/25 MP: 1/1
    26 | D:1      | Reached skill level 5 in Bows
   103 | D:1      | Found Durej's Weapon Boutique.
   325 | D:1      | Reached XP level 3. HP: 30/30 MP: 2/2
   444 | D:1      | Found a faded altar of an unknown god.
  1100 | D:2      | Noticed an ogre
  1116 | D:2      | Mangled by an ogre

Illustrated notes

Levels and vault maps discovered:
D:1:      minmay_arrival_diagonal_passages, layout_basic,
          dreamdust_ecumenical_altar_hidden_monk_grotto, serial_shops,
          nicolae_square_shop
D:2:      layout_basic, serial_shops,
          nicolae_shop_temple_entry_statues_fountains, uniq_crazy_yiuf_cottage,
          uniq_terence

Skill      XL: |  1  2 |
---------------+-------+-----
Bows           | 5 |  5.8
Fighting       | |  2.9
Armour         | |  0.5
Dodging        | |  2.2
Stealth        | |  0.7

Action                   || total
-------------------------++-------
Melee: Short sword       ||     3
 Fire: Shortbow          ||    96
Armor: Leather armour    ||    10
Dodge: Dodged            ||     8
